 Dungeon Crawl Stone Soup version 0.31-a0-868-g674d60d6f7 (webtiles) character file.

Game seed: 445614389760833392

3045536 Forgeling the Conqueror (level 27, 121/272 (273) HPs)
             Began as a Hill Orc Fighter on Oct 10, 2023.
             Was a High Priest of Nemelex Xobeh.
             Escaped with the Orb
             ... and 5 runes on Oct 11, 2023!
             The game lasted 03:53:39 (75462 turns).

Forgeling the Conqueror (Hill Orc Fighter)         Turns: 75462, Time: 03:53:40

HP:   121/272 (273) AC: 55    Str: 27 (28) XL:     27
MP:   40/40         EV: 14    Int:  6      God:    Nemelex Xobeh [*****.]
Gold: 3374          SH: 40    Dex: 22      Spells: 26/26 levels left

rFire   + . .        b - +9 broad axe (vamp)
rCold   + . .        q - +10 tower shield of Ignorance {rN+ Int-4}
rNeg    + . .        n - +11 crystal plate armour
rPois   +            B - +2 helmet {Int+3}
rElec   .            t - +1 cloak {rPois}
rCorr   .            s - +0 pair of fencer's gloves {Riposte Dex+3}
SInv    .            Z - +3 pair of mountain boots {steadfast, rC+}
Will    +++..        y - amulet of reflection Stlth
                     k - ring "Earthly Heaven" {Will+ Dex+3}
HPRegen 0.65/turn    j - ring of protection from fire
MPRegen 0.27/turn

%: reflection
@: studying 3 skills, lightly drained
A: talons 1, agile 1, deterioration 1, screaming 2, weak 1
0: Orb of Zot
}: 5/15 runes: decaying, slimy, silver, abyssal, gossamer
a: Renounce Religion, Draw Escape, Draw Destruction, Draw Summoning, Draw Stack,
Triple Draw, Deal Four, Stack Five


You escaped.
You worshipped Nemelex Xobeh.
Nemelex Xobeh was extremely pleased with you.
You visited 12 branches of the dungeon, and saw 56 of its levels.
You visited the Abyss 2 times.
You visited 1 bazaar.
You also visited: Gauntlet and Wizlab.

You collected 8148 gold pieces.
You spent 4774 gold pieces at shops.

Inventory:

Hand Weapons
 a - a +9 heavy broad axe
 b - a +9 vampiric broad axe (weapon)
Missiles
 l - 18 javelins
 p - 24 boomerangs
 u - 5 throwing nets
 w - 4 silver javelins (quivered)
 W - 18 curare-tipped darts
Armour
 n - a +11 crystal plate armour (worn)
 q - the +10 tower shield of Ignorance (worn) {rN+ Int-4}
   (You bought it in a shop in a bazaar)

   Int-4:     It affects your intelligence (-4).
   rN+:       It protects you from negative energy.
 s - the +0 pair of fencer's gloves (worn) {Riposte Dex+3}
   (You bought it in a shop on level 3 of the Vaults)

   Riposte:   It allows the wearer to riposte with melee weapons, swiftly
   retaliating against missed or blocked melee attacks.
   Dex+3:     It affects your dexterity (+3).
 t - a +1 cloak of poison resistance (worn)
 B - a +2 helmet of intelligence (worn)
 Z - the +3 pair of mountain boots (worn) {steadfast, rC+}
   (You found it on level 3 of the Elven Halls)

   Steadfast: It prevents involuntary movement, except for blinking,
   teleportation, or banishment.
   rC+:       It protects you from cold.
Jewellery
 c - the ring of the Original Sin {+Blink rElec rC+ Int+3}
   (You acquired it on level 3 of the Elven Halls)

   [ring of protection from cold]

   Int+3:     It affects your intelligence (+3).
   rC+:       It protects you from cold.
   rElec:     It insulates you from electricity.
   +Blink:    It lets you blink.
 j - a ring of protection from fire (right hand)
 k - the ring "Earthly Heaven" (left hand) {Will+ Dex+3}
   (You found it in a wizard's laboratory)

   [ring of willpower]

   Dex+3:     It affects your dexterity (+3).
   Will+:     It increases your willpower.
 o - the ring "Tutozipti" {rC++ AC+4}
   (You found it on level 2 of the Depths)

   [ring of protection]

   AC+4:      It affects your AC (+4).
   rC++:      It greatly protects you from cold.
 x - a ring of resist corrosion
 y - an amulet of reflection (around neck)
Wands
 d - a wand of digging (26)
 e - a wand of charming (88)
 h - a wand of quicksilver (27)
 i - a wand of roots (48)
Scrolls
 D - 10 scrolls of blinking
 E - 9 scrolls of fear
 F - 5 scrolls of fog
 K - 7 scrolls of immolation
 O - 3 scrolls of silence
 P - 4 scrolls of poison
 S - 6 scrolls of summoning
 V - 9 scrolls of vulnerability
 X - 4 scrolls of revelation {@r4}
 Y - 12 scrolls of teleportation {@r3}
Potions
 A - 4 potions of attraction
 C - 3 potions of cancellation
 G - 8 potions of ambrosia
 H - 2 potions of haste
 I - a potion of invisibility
 J - 23 potions of curing {@q1}
 M - 3 potions of might
 N - 10 potions of heal wounds {@q2}
 Q - 4 potions of magic
 R - 8 potions of resistance
 T - 5 potions of berserk rage
 U - 11 potions of mutation
Miscellaneous
 g - a condenser vane
 m - a phantom mirror
 r - a phial of floods
 v - a lightning rod (4/4)
 z - a box of beasts


   Skills:
 O Level 27 Fighting
 O Level 27 Axes
 - Level 6.0 Throwing
 + Level 25.7 Armour
 + Level 11.3 Dodging
 + Level 23.8 Shields
 O Level 27 Invocations
 + Level 18.9 Evocations


You had 26 spell levels left.
You didn't know any spells.
Your spell library contained the following spells:

 Spells                   Type           Power      Damage    Failure   Level
 Apportation              Tloc           0%         N/A       99%         1
 Foxfire                  Conj/Fire      0%         2x1d4     99%         1
 Kiss of Death            Conj/Necr      0%         2d5       99%         1
 Magic Dart               Conj           0%         1d3       99%         1
 Summon Small Mammal      Summ           0%         N/A       99%         1
 Blink                    Tloc           0%         N/A       100%        2
 Call Imp                 Summ           0%         N/A       100%        2
 Cigotuvi's Dreadful Rot  Necr/Pois/Air  0%         N/A       100%        2
 Jinxbite                 Hex            0%         N/A       100%        2
 Lesser Beckoning         Tloc           0%         N/A       100%        2
 Momentum Strike          Conj/Tloc      0%         3d8       100%        2
 Poisonous Vapours        Pois/Air       0%         N/A       100%        2
 Searing Ray              Conj           0%         2d4       100%        2
 Static Discharge         Conj/Air       0%         2-2/arc   100%        2
 Sublimation of Blood     Necr           0%         N/A       100%        2
 Wereblood                Tmut           0%         N/A       100%        2
 Call Canine Familiar     Summ           0%         N/A       100%        3
 Confusing Touch          Hex            0%         N/A       100%        3
 Dazzling Flash           Conj/Hex       0%         N/A       100%        3
 Gell's Gravitas          Tloc           0%         N/A       100%        3
 Hailstorm                Conj/Ice       0%         3d3       100%        3
 Ignite Poison            Fire/Tmut/Pois 0%         N/A       100%        3
 Inner Flame              Hex/Fire       0%         N/A       100%        3
 Mephitic Cloud           Conj/Pois/Air  0%         N/A       100%        3
 Ozocubu's Armour         Ice            0%         N/A       100%        3
 Summon Guardian Golem    Hex/Summ       0%         N/A       100%        3
 Swiftness                Air            0%         N/A       100%        3
 Teleport Other           Tloc           0%         N/A       100%        3
 Vampiric Draining        Necr           0%         2d6       100%        3
 Volatile Blastmotes      Fire/Tloc      0%         2d10      100%        3
 Airstrike                Air            0%         2d(0-16)  100%        4
 Anguish                  Hex/Necr       0%         N/A       100%        4
 Animate Dead             Necr           0%         N/A       100%        4
 Brom's Barrelling Bould  Conj/Erth      0%         2d3       100%        4
 Cause Fear               Hex            0%         N/A       100%        4
 Dispel Undead            Necr           0%         3d6       100%        4
 Fulminant Prism          Conj/Hex       0%         3d5       100%        4
 Iskenderun's Mystic Bla  Conj/Tloc      0%         2d3       100%        4
 Leda's Liquefaction      Hex/Erth       0%         N/A       100%        4
 Manifold Assault         Tloc           0%         N/A       100%        4
 Olgreb's Toxic Radiance  Pois           0%         N/A       100%        4
 Passage of Golubria      Tloc           0%         N/A       100%        4
 Petrify                  Tmut/Erth      0%         N/A       100%        4
 Summon Ice Beast         Ice/Summ       0%         N/A       100%        4
 Summon Lightning Spire   Summ/Air       0%         N/A       100%        4
 Vhi's Electric Charge    Tloc/Air       0%         N/A       100%        4
 Agony                    Necr           0%         N/A       100%        5
 Alistair's Intoxication  Tmut/Pois      0%         N/A       100%        5
 Arcjolt                  Conj/Air       0%         1d10      100%        5
 Borgnjor's Vile Clutch   Necr/Erth      0%         N/A       100%        5
 Fireball                 Conj/Fire      0%         3d3       100%        5
 Freezing Cloud           Conj/Ice/Air   0%         6-21      100%        5
 Iskenderun's Battlesphe  Conj           0%         2d6       100%        5
 Metabolic Englaciation   Hex/Ice        0%         N/A       100%        5
 Summon Forest            Summ/Tloc      0%         N/A       100%        5
 Yara's Violent Unravell  Hex/Tmut       0%         3d3       100%        5
 Bombard                  Conj/Erth      0%         9d1       100%        6
 Death Channel            Necr           0%         N/A       100%        6
 Dispersal                Tloc           0%         N/A       100%        6
 Eringya's Noxious Bog    Tmut/Pois      0%         4d6       100%        6
 Simulacrum               Ice/Necr       0%         N/A       100%        6
 Enfeeble                 Hex            0%         N/A       100%        7
 Haunt                    Necr/Summ      0%         N/A       100%        7
 Ozocubu's Refrigeration  Ice            0%         4d7       100%        7
 Spellforged Servitor     Conj/Summ      0%         N/A       100%        7
 Summon Hydra             Summ           0%         N/A       100%        7
 Borgnjor's Revivificati  Necr           0%         N/A       100%        8
 Ignition                 Fire           0%         3d3       100%        8
 Infestation              Necr           0%         N/A       100%        8
 Maxwell's Capacitive Co  Air            0%         ∞         100%        8
 Chain Lightning          Conj/Air       0%         N/A       100%        9
 Death's Door             Necr           0%         N/A       100%        9
 Dragon's Call            Summ           0%         N/A       100%        9
 Fire Storm               Conj/Fire      0%         5d1       100%        9
 Polar Vortex             Ice            0%         N/A       100%        9


Dungeon Overview and Level Annotations

Branches:
Dungeon (15/15)            Temple (1/1) D:5            Lair (5/5) D:10
  Swamp (4/4) Lair:2       Spider (4/4) Lair:3        Slime (5/5) Lair:5
    Orc (2/2) D:12            Elf (3/3) Orc:2        Vaults (5/5) D:13
  Crypt (3/3) Vaults:2       Tomb (0/3) Crypt:3      Depths (4/4) D:15
    Zot (5/5) Depths:4     WizLab (visited)         Gauntlet (visited)

Altars:
Ashenzari
Cheibriados
Dithmenos
Elyvilon
Fedhas
Gozag
Hepliaklqana
Kikubaaqudgha
Makhleb
Nemelex Xobeh
Okawaru
Qazlal
Ru
Sif Muna
Trog
Uskayaw
Vehumet
Wu Jian
Xom
Yredelemnul
Zin
The Shining One
Jiyva
Lugonu

Shops:
D:3 (**[   D:4 :   D:9 [((   Orc:2 *[!=   Elf:3 !   Vaults:1 (   Vaults:3 [[:
Vaults:5 ??=?!*   Depths:2 (

Portals:
Hell: Depths:1 Depths:2 Depths:3 Depths:4
Abyss: Lair:5 Depths:3
Pandemonium: Depths:1 Depths:2 Depths:4
Ziggurat: Depths:1

Annotations:
D:1 Boris


Innate Abilities, Weirdness & Mutations

You have sharp toenails.
You are agile. (Dex +4, Str/Int -1)
Your body sometimes deteriorates upon taking damage.
You frequently scream uncontrollably at your foes.
You are weak. (Str -2)


Message History

The bolt of cold hits you!! You resist.
You slice something!!
You hear some strange, mumbled words.
A bolt of cold appears from out of thin air!
You closely miss something.
You hear some strange, mumbled words.
A bolt of cold appears from out of thin air!
The bolt of cold hits you!! You resist.
* * * LOW HITPOINT WARNING * * *
Blink to where?
Press: ? - help, Dir - move target
As you read the scroll of blinking, it crumbles to dust.
Your -1 hand axe hits something!
A bolt of cold appears from out of thin air!
The bolt of cold hits your -1 hand axe!
Your -1 hand axe resists.
Your -1 hand axe barely misses something.
Blink to where?
Press: ? - help, Dir - move target
As you read the scroll of blinking, it crumbles to dust.
A sun demon comes into view.
Aiming: Dig
Press: ? - help, Shift-Dir - straight line A rock wall.
This square is covered in magical glow.
The rock shatters into small pieces.
Press: ? - help, v - describe, . - travel A staircase leading out of the dungeon.
Unknown command.
Press: ? - help, v - describe, . - travel A staircase leading out of the dungeon.
Search for what [Enter for "pass", or ? for help]? case Unknown command.
Search for what [Enter for "case", or ? for help]? staircase Unknown command.
Unknown command.
Unknown command.
There is a fountain of clear blue water here.
There is a staircase leading out of the dungeon here.
You have escaped!

##'## ##>.# ##'##
##...######...######...##
#...(...................#
#..⌠........⌠........⌠..#
#.......................#
##...######...######...##
##### #####3##### #####
##.........##
#..♣..@..♣..#
##.........## ###########


You could see a sun demon.

Vanquished Creatures
  3 dread liches
  4 orbs of fire
  2 ancient liches
  2 juggernauts
  Mara (Depths:3)
  Josephina (Depths:2)
  Boris (thrice) (Crypt:1 Depths:1 Vaults:5)
  Sojobo (Vaults:2)
  5 Killer Klowns
  Margery (Vaults:2)
  Saint Roka (Vaults:1)
  2 curse toes
  A caustic shrike (Depths:2)
  The ghost of Doaps the Warmonger, a veteran GnWn of Okawaru (Depths:1)
  The ghost of Dome the Black Belt, a veteran DsSu of Jiyva (Crypt:2)
  9 golden dragons
  Norris (Depths:3)
  5 bone dragons
  Arachne (Spider:2)
  2 electric golems (Zot:5)
  A hellephant (Depths:3)
  10 tentacled monstrosities
  25 Orb Guardians
  5 liches
  Grunn (Depths:3)
  13 titans
  2 walking divine tomes
  13 quicksilver dragons
  5 sphinxes
  9 acid blobs
  10 death cobs
  An Executioner (Zot:2)
  11 ancient champions
  2 deep elf master archers (Elf:3)
  11 tentacled starspawn
  Agnes (D:14)
  A thorn hunter (Swamp:4)
  Donald (Crypt:1)
  9 tengu reavers
  12 shadow dragons
  8 azure jellies
  11 fire giants
  Aizul (Vaults:2)
  18 storm dragons
  5 draconian knights
  9 rockslimes
  9 draconian monks
  A fenstrider witch (Swamp:1)
  5 emperor scorpions
  Roxanne (D:14)
  9 frost giants
  6 iron dragons
  4 revenants (Crypt:2)
  11 deep elf sorcerers
  8 deep elf elementalists (Elf:3)
  16 vault wardens
  7 draconian stormcallers
  10 ghost moths
  A balrug (D:6)
  26 ghouls
  2 orc warlords (Vaults:2)
  3 reapers
  3 curse skulls
  6 draconian scorchers
  5 draconian shifters
  20 stone giants
  The ghost of Getoffmy the Severer, a journeyman DsGl of Jiyva (Lair:5)
  4 spriggan defenders
  3 broodmothers
  5 draconian annihilators
  17 ironbound preservers
  20 very ugly things
  2 juggernaut skeletons
  4 caustic shrike skeletons (Crypt:3)
  9 ironbound thunderhulks
  2 war gargoyles
  A formless jellyfish (Vaults:4)
  7 quicksilver oozes
  7 vampire knights
  A lorocyproca (Zot:1)
  5 deep elf demonologists
  17 black draconians
  A minotaur (Slime:5)
  A wendigo (Depths:2)
  14 green draconians
  5 deep elf annihilators
  7 purple draconians
  6 dire elephants
  3 bunyips
  12 red draconians
  8 spark wasps
  10 yellow draconians
  4 eleionomae
  9 deep elf death magi
  14 ettins
  12 white draconians
  9 eidola
  4 crystal guardians
  A blizzard demon (Depths:4)
  8 jiangshi
  A merfolk javelineer (Depths:3)
  3 shambling mangroves
  6 entropy weavers
  7 deep elf high priests
  7 fire dragons
  4 quicksilver dragon skeletons
  18 yaktaur captains
  A fenstrider witch zombie (Crypt:1)
  10 spriggan air magi
  17 great orbs of eyes
  A hell beast (Zot:5)
  15 hydras
  7 rakshasas
  31 vault guards
  A peacekeeper (Vaults:3)
  4 ghost crabs
  12 ice dragons
  2 spriggan zombies (Crypt:3)
  3 ogre magi
  A jorogumo (Spider:3)
  2 catoblepae
  16 two-headed ogres
  12 alligators
  An anaconda (Orc:2)
  5 ironbound frosthearts
  17 centaur warriors
  3 fenstrider witch skeletons
  7 spriggan skeletons
  9 boulder beetles
  34 dancing weapons
  7 deep troll earth magi
  2 death knights
  13 deep troll shamans
  5 vampire magi
  4 radroaches
  A death scarab (Spider:1)
  A death yak (Lair:2)
  4 tengu warriors
  A hell hog (Abyss:2)
  6 thrashing horrors
  7 demonic crawlers
  A two-headed ogre (shapeshifter) (Elf:1)
  A titan zombie (Vaults:4)
  5 soul eaters (Zot:4)
  24 deep elf knights
  3 spriggan berserkers
  10 hell knights
  A hellephant skeleton (Crypt:2)
  Urug (Lair:1)
  A storm dragon zombie (Zot:4)
  4 sun demons (D:6)
  6 wretched stars
  4 titan skeletons (Crypt:3)
  6 skysharks
  A fire crab (shapeshifter) (Vaults:5)
  4 pharaoh ants
  8 iron trolls
  2 salamander mystics (Depths:2)
  3 sixfirhies
  5 death drakes
  A shadow wraith (Crypt:3)
  2 storm dragon skeletons
  58 skeletal warriors
  An iron giant zombie (Crypt:1)
  4 goliath frogs
  2 shadow demons
  4 spriggan druids
  11 flayed ghosts
  6 swamp dragons
  An orange crystal statue (WizLab)
  50 deep trolls
  6 orb spiders
  11 glowing orange brains
  A shadow dragon zombie (Crypt:1)
  An iron giant skeleton (Crypt:2)
  5 steelbarb worms
  A spectral hydra (Swamp:4)
  11 bog bodies
  15 deep elf archers
  2 wizards
  18 ironbound convokers
  2 anaconda skeletons (Crypt:3)
  33 deep elf pyromancers
  45 deep elf zephyrmancers
  2 mana vipers (shapeshifter)
  A sphinx simulacrum (Depths:2)
  A golden dragon skeleton (Crypt:2)
  11 necromancers
  13 phantasmal warriors
  16 lindwurms
  15 wolf spiders
  6 orc knights
  22 ugly things
  A mana viper (Orc:2)
  A cyclops (shapeshifter) (Vaults:5)
  3 shining eyes
  6 salamanders
  A frost giant zombie (Crypt:2)
  4 oklob plants
  A manticore (D:11)
  2 orc sorcerers
  12 cyclopes
  31 moths of wrath
  9 will-o-the-wisps
  A frost giant skeleton (Vaults:4)
  2 stone giant skeletons
  35 elephants
  2 fire giant skeletons
  A centaur zombie (Crypt:1)
  20 vault sentinels
  2 dire elephant zombies (Crypt:2)
  A rust devil (Gauntlet)
  An apocalypse crab (Abyss:3)
  4 black mambas
  4 smoke demons
  A water nymph (Orc:2)
  An orange demon (Depths:4)
  2 gargoyles
  A dire elephant skeleton (Crypt:3)
  An orc skeleton (Crypt:1)
  6 torpor snails
  10 eyes of devastation
  2 unseen horrors
  22 cane toads
  A red draconian zombie (Crypt:3)
  44 yaktaurs
  2 kobold demonologists
  A hellion (Abyss:2)
  2 tormentors
  A pale draconian zombie (Crypt:1)
  2 rime drakes (shapeshifter)
  4 rime drakes
  An efreet (Gauntlet)
  12 freezing wraiths
  A komodo dragon (shapeshifter) (D:13)
  2 swamp worm zombies
  10 komodo dragons
  An ancient zyme (Abyss:3)
  A yellow draconian skeleton (Crypt:1)
  2 tengu conjurers
  15 meliai
  4 hydra zombies (Swamp:4)
  A white draconian skeleton (Crypt:3)
  A red devil (Depths:4)
  12 trolls
  A harpy zombie (Crypt:2)
  2 elf skeletons
  A merfolk (Orc:2)
  6 tyrant leeches
  A death drake zombie (Swamp:4)
  4 hellwings
  28 tarantellas
  A grey draconian skeleton (Crypt:2)
  24 hornets
  25 blink frogs
  2 polar bears
  A hydra skeleton (Crypt:2)
  A raiju (shapeshifter) (Vaults:1)
  2 harpy skeletons (Crypt:2)
  3 death drake skeletons (Swamp:4)
  9 raiju
  A guardian serpent zombie (Crypt:3)
  16 culicivoras
  9 wyverns
  68 slime creatures
  A guardian serpent skeleton (Crypt:2)
  3 shadows
  4 air elementals
  22 flying skulls
  A vampire (D:11)
  7 ynoxinuls
  7 spriggans
  5 water elementals
  2 fire dragon skeletons (Crypt:3)
  47 yaks
  34 jumping spiders
  9 wraiths
  A centaur simulacrum (D:15)
  6 fire bats (Lair:2)
  6 large abominations
  42 starcursed masses
  12 golden eyes
  3 fire elementals
  2 chaos spawn
  5 basilisks
  5 steam dragons
  A neqoxec (Depths:4)
  11 vampire mosquitoes
  Menkaure (D:7)
  A spriggan simulacrum (Depths:2)
  42 redbacks
  An elf simulacrum (Vaults:4)
  A naga (Orc:2)
  A warg (shapeshifter) (Lair:5)
  A harpy simulacrum (Crypt:1)
  3 acid dragons
  17 swamp worms
  6 wargs
  A naga (shapeshifter) (Vaults:5)
  A naga zombie (Crypt:3)
  20 water moccasins
  A hell hound (Gauntlet)
  5 hydra simulacra (Swamp:4)
  2 floating eyes
  A two-headed ogre skeleton (Crypt:1)
  A floating eye (shapeshifter) (Vaults:5)
  27 orc warriors
  A faun skeleton (Crypt:1)
  10 swamp drakes
  9 ice beasts
  2 black bears
  A sky beast (D:6)
  2 swamp dragon zombies (Swamp:4)
  14 wolves
  22 ogres
  4 boggarts (Vaults:1)
  8 centaurs
  A lindwurm skeleton (Crypt:1)
  A kobold brigand (D:11)
  12 small abominations
  A yaktaur zombie (Crypt:2)
  4 earth elementals
  10 bullfrogs
  8 necrophages
  2 glowing shapeshifter simulacra (Depths:2)
  5 scorpions
  2 gnoll sergeants
  21 wights
  2 cyclops skeletons
  8 killer bees
  A polar bear skeleton (Crypt:2)
  5 electric eels
  3 howler monkeys
  9 crimson imps
  A quasit (Abyss:2)
  13 orc priests
  5 hounds
  7 jellies
  A gnoll bouda (D:9)
  Crazy Yiuf (D:2)
  Ijyb (D:4)
  3 iron imps (Gauntlet)
  A sleepcap (D:5)
  Natasha (twice) (D:3)
  3 iguanas
  26 orc wizards
  A basilisk skeleton (Crypt:2)
  12 hell rats (Lair:5)
  3 naga skeletons (Crypt:3)
  A hound zombie (Crypt:3)
  12 adders
  20 gnolls
  A howler monkey skeleton (Crypt:2)
  6 shadow imps
  7 white imps
  4 ufetubi
  A worm (shapeshifter) (Vaults:5)
  A worm (D:3)
  4 dart slugs
  108 orcs
  9 endoplasms
  A giant cockroach (D:1)
  8 goblins
  4 hobgoblins
  12 jackals
  14 kobolds
  4 quokkas
  11 ball pythons
  4 bats
  2 frilled lizards
  A giant cockroach zombie (Crypt:2)
  4 rats
  22 starspawn tentacles
2797 creatures vanquished.

Vanquished Creatures (collateral kills)
  A dread lich (Zot:5)
  2 orbs of fire (Zot:5)
  Xtahua (Vaults:4)
  A Killer Klown (Zot:5)
  An Orb Guardian (Zot:5)
  A titan (Depths:2)
  2 death cobs
  A tentacled starspawn (Abyss:3)
  2 rockslimes
  A cacodemon (WizLab)
  A quicksilver ooze (Slime:4)
  A stone giant (WizLab)
  A broodmother (Spider:2)
  A minotaur (Gauntlet)
  The ghost of Cusykhlelepp the Spry, a journeyman FeSu of Gozag (Spider:1)
  An entropy weaver (Spider:2)
  A yaktaur captain (Vaults:4)
  An alligator snapping turtle (Vaults:2)
  A jorogumo (Spider:3)
  A two-headed ogre (D:8)
  A fire crab (shapeshifter) (Elf:2)
  A pharaoh ant (Spider:2)
  A glowing orange brain (WizLab)
  A large abomination (Abyss:3)
  2 steelbarb worms
  A shining eye (shapeshifter) (Elf:2)
  2 shining eyes
  2 torpor snails (Spider:1)
  An eye of devastation (WizLab)
  2 yaktaurs (Vaults:4)
  A yaktaur (shapeshifter) (Elf:2)
  A blink frog (Abyss:2)
  A tarantella (Spider:1)
  A jumping spider (Spider:1)
  A slime creature (Slime:1)
  A neqoxec (Abyss:2)
  An orc wizard (D:9)
  An orc (D:9)
45 creatures vanquished.

Vanquished Creatures (others)
  A moon troll (WizLab)
  A draconian knight (Zot:3)
  An ogre mage (Orc:2)
  A deep troll shaman (Depths:3)
  A deep elf knight (Elf:3)
  A spriggan simulacrum (Depths:2)
  A wizard (Vaults:1)
  3 deep elf pyromancers (Elf:1)
  An ugly thing (Depths:2)
  A bloated husk (Swamp:4)
  A swamp worm (Swamp:4)
  A tengu (shapeshifter) (Vaults:5)
  A starcursed mass (Abyss:3)
  An orc wizard (D:11)
  3 fire vortices (Zot:5)
  23 foxfires
  22 starspawn tentacles
64 creatures vanquished.

Grand Total: 2906 creatures vanquished

Notes
Turn   | Place    | Note
-------+----------+-------------------------------------------
     0 | D:1      | Forgeling the Hill Orc Fighter began the quest for the Orb.
     0 | D:1      | Reached XP level 1. HP: 19/19 MP: 1/1
   158 | D:1      | Reached XP level 2. HP: 22/26 MP: 2/2
   755 | D:2      | Found a faded altar of an unknown god.
   762 | D:2      | Reached XP level 3. HP: 30/31 MP: 3/3
   988 | D:2      | Reached skill level 5 in Axes
  1411 | D:2      | Found a runed translucent door.
  1412 | D:2      | Noticed Crazy Yiuf
  1631 | D:2      | Reached XP level 4. HP: 22/39 MP: 4/4
  1759 | D:3      | Noticed Natasha
  1864 | D:3      | Found Daiqas's General Store.
  1972 | D:3      | Found Zeimua's Antique Weapon Shoppe.
  2057 | D:3      | Reached XP level 5. HP: 40/45 MP: 5/5
  2325 | D:3      | Found an ornate altar of the Wu Jian Council.
  2504 | D:3      | Found Cizxinin's Armour Boutique.
  2513 | D:3      | Bought a +1 cloak of poison resistance for 135 gold pieces
  3006 | D:3      | Found Vilontig's Assorted Antiques.
  3139 | D:3      | Bought a red potion for 24 gold pieces
  3139 | D:3      | Bought a bubbling white potion for 24 gold pieces
  3139 | D:3      | Bought a puce potion for 24 gold pieces
  3209 | D:4      | Noticed Ijyb
  3249 | D:4      | Killed Ijyb
  3250 | D:4      | Reached XP level 6. HP: 52/52 MP: 6/6
  3390 | D:4      | Reached skill level 1 in Evocations
  3783 | D:4      | Found Irghyny's Book Emporium.
  4184 | D:5      | Entered Level 5 of the Dungeon
  4265 | D:5      | Reached XP level 7. HP: 56/59 MP: 7/7
  4676 | D:5      | Found a staircase to the Ecumenical Temple.
  4700 | Temple   | Entered the Ecumenical Temple
  4716 | Temple   | Became a worshipper of Nemelex Xobeh the Trickster
  4911 | D:5      | Reached skill level 1 in Invocations
  5088 | D:5      | Found a glowing silver altar of Zin.
  5088 | D:5      | Noticed an angel
  5454 | D:6      | Reached skill level 5 in Fighting
  5555 | D:6      | Reached XP level 8. HP: 68/68 MP: 9/9
  6021 | D:6      | Found an iron altar of Okawaru.
  6021 | D:6      | Found a runed translucent door.
  6026 | D:6      | Found the +0 toga "Victory" {*Victory Clar}
  6288 | D:2      | Killed Crazy Yiuf
  6652 | D:7      | Reached skill level 10 in Axes
  6672 | D:6      | Reached skill level 5 in Armour
  7172 | D:7      | Reached skill level 5 in Invocations
  7173 | D:7      | Reached XP level 9. HP: 55/78 MP: 12/12
  7256 | D:7      | Found a shimmering blue altar of Sif Muna.
  7256 | D:7      | Found a white marble altar of Elyvilon.
  7351 | D:7      | Noticed Menkaure
  7361 | D:7      | Killed Menkaure
  7500 | D:7      | Identified Giwk's Grimoire of Venomous Astrapomancy
  7748 | D:7      | Reached * piety under Nemelex Xobeh
  7991 | D:7      | Received a gift from Nemelex Xobeh
  7994 | D:7      | Found a glowing golden altar of the Shining One.
  8091 | D:8      | Noticed a two-headed ogre
  8766 | D:8      | Found a burning altar of Makhleb.
  8895 | D:8      | Killed a two-headed ogre
  8896 | D:8      | Reached XP level 10. HP: 89/89 MP: 13/15
  9538 | D:9      | Found Gianeug's Antique Armour Boutique.
  9767 | D:9      | Reached ** piety under Nemelex Xobeh
  9907 | D:9      | Identified the ring "Wascheh" {Wiz rF+ Will- Dex+9}
 10220 | D:9      | Paralysed by a hornet for 1 turns
 10597 | D:9      | Reached skill level 5 in Evocations
 10690 | D:9      | Found Luodumec's Antique Weapon Shop.
 10753 | D:9      | Reached skill level 10 in Fighting
 10753 | D:9      | Reached XP level 11. HP: 80/99 MP: 17/17
 10858 | D:9      | Found Tasky's Antique Weapon Boutique.
 11093 | D:9      | Bought a runed broad axe for 217 gold pieces
 11272 | D:10     | Entered Level 10 of the Dungeon
 11365 | D:10     | Received a gift from Nemelex Xobeh
 11377 | D:10     | Reached skill level 15 in Axes
 11378 | D:10     | Reached skill level 10 in Invocations
 11575 | D:10     | Noticed a two-headed ogre
 11687 | D:10     | Killed a two-headed ogre
 11907 | D:10     | Found a staircase to the Lair.
 11911 | D:10     | Reached skill level 5 in Shields
 11951 | D:10     | Reached *** piety under Nemelex Xobeh
 12625 | D:11     | Noticed a skeletal warrior
 12627 | D:11     | Noticed a skeletal warrior
 12668 | D:11     | Found a gate leading to a gauntlet.
 12677 | Gauntlet | Entered a Gauntlet
 12677 | Gauntlet | Found a transporter.
 12677 | Gauntlet | Found a transporter.
 12715 | Gauntlet | Found a transporter.
 12727 | Gauntlet | Found a transporter.
 12744 | Gauntlet | Noticed a wretched star
 12745 | Gauntlet | Found a transporter.
 12745 | Gauntlet | Found a transporter.
 12745 | Gauntlet | Found a transporter.
 12747 | Gauntlet | Found a transporter.
 12747 | Gauntlet | Found a transporter.
 12751 | Gauntlet | Noticed a hell hog
 12752 | Gauntlet | Found a runed translucent door.
 12759 | Gauntlet | Found a transporter.
 12775 | Gauntlet | Found a transporter.
 12777 | Gauntlet | Found a runed translucent door.
 12784 | Gauntlet | Found a transporter.
 12788 | Gauntlet | Found a runed translucent door.
 12790 | Gauntlet | Received a gift from Nemelex Xobeh
 12802 | Gauntlet | Found a transporter.
 12819 | Gauntlet | Found a transporter.
 13007 | Gauntlet | Reached XP level 12. HP: 85/106 MP: 20/20
 13085 | Gauntlet | Identified the +0 cloak "Poprit" {-Tele rElec rC+ rN+++}
 13126 | Gauntlet | Identified the +6 great sword of Virtue {freeze, Will+}
 13126 | Gauntlet | Noticed a minotaur
 13155 | Gauntlet | Killed a minotaur
 13660 | Lair:1   | Entered Level 1 of the Lair of Beasts
 13727 | Lair:1   | Got an ancient book
 13770 | Lair:1   | Reached **** piety under Nemelex Xobeh
 14198 | Lair:1   | Received a gift from Nemelex Xobeh
 14349 | Lair:1   | Noticed Urug
 14367 | D:10     | Reached skill level 1 in Throwing
 14414 | Lair:1   | Killed Urug
 15003 | Lair:2   | Noticed a death yak
 15016 | Lair:2   | Killed a death yak
 15075 | Lair:2   | Received a gift from Nemelex Xobeh
 15327 | Lair:2   | Noticed an eleionoma
 15328 | Lair:2   | an eleionoma changed into an iron troll
 15328 | Lair:2   | Noticed an iron troll
 15338 | Lair:2   | Killed an iron troll
 15339 | Lair:2   | Reached XP level 13. HP: 101/113 MP: 22/22
 15371 | Lair:2   | Found a staircase to the Swamp.
 15836 | Lair:3   | Reached skill level 10 in Armour
 16098 | Lair:3   | Found a hole to the Spider Nest.
 16613 | Lair:3   | Reached ***** piety under Nemelex Xobeh
 16838 | Lair:3   | Received a gift from Nemelex Xobeh
 17278 | Lair:4   | Reached skill level 5 in Throwing
 17357 | Lair:4   | Reached XP level 14. HP: 119/125 MP: 23/23
 17611 | Lair:4   | Received a gift from Nemelex Xobeh
 17711 | Lair:5   | Entered Level 5 of the Lair of Beasts
 17974 | Lair:5   | Reached skill level 1 in Dodging
 18320 | Lair:5   | Found a staircase to the Slime Pits.
 18412 | Lair:5   | Found a viscous altar of Jiyva.
 18588 | Lair:5   | Noticed Getoffmy's ghost (journeyman DsGl)
 18597 | Lair:5   | Found a runed translucent gate.
 18598 | Lair:5   | Found a runed translucent gate.
 19038 | Lair:5   | Found a runed translucent gate.
 19185 | Lair:5   | Found a stormy altar of Qazlal.
 19319 | Lair:5   | Received a gift from Nemelex Xobeh
 19762 | Lair:5   | Reached XP level 15. HP: 135/135 MP: 24/24
 19780 | Lair:5   | Found a corrupted altar of Lugonu.
 19785 | Lair:5   | Found a one-way gate to the infinite horrors of the Abyss.
 19789 | Lair:5   | Identified the +6 scale mail of Weirdness {Str-2 Int+4
                  | Slay+2}
 20136 | Lair:5   | Killed Getoffmy's ghost
 20768 | D:11     | Received a gift from Nemelex Xobeh
 21814 | D:11     | Reached skill level 15 in Invocations
 22040 | D:12     | Received a gift from Nemelex Xobeh
 22061 | D:12     | Found a staircase to the Orcish Mines.
 22252 | D:12     | Found a white marble altar of Elyvilon.
 22680 | D:12     | Received a gift from Nemelex Xobeh
 22750 | D:12     | Reached ****** piety under Nemelex Xobeh
 23152 | D:13     | Found a gate to the Vaults.
 23465 | D:13     | Reached XP level 16. HP: 143/143 MP: 28/28
 23968 | D:14     | Reached skill level 10 in Shields
 24023 | D:14     | Received a gift from Nemelex Xobeh
 24171 | D:14     | Noticed Agnes
 24180 | D:14     | Killed Agnes
 24212 | D:14     | Noticed Roxanne
 24430 | D:14     | Found a shimmering altar of Xom.
 24432 | D:14     | Found a shimmering altar of Xom.
 24432 | D:14     | Found a hide-covered altar of Uskayaw.
 24434 | D:14     | Found a radiant altar of Vehumet.
 24434 | D:14     | Found an ancient bone altar of Kikubaaqudgha.
 24434 | D:14     | Found a basalt altar of Yredelemnul.
 24582 | D:15     | Entered Level 15 of the Dungeon
 24786 | D:15     | Received a gift from Nemelex Xobeh
 25271 | D:15     | Received a gift from Nemelex Xobeh
 25567 | D:15     | Found a staircase to the Depths.
 25755 | Orc:1    | Entered Level 1 of the Orcish Mines
 25858 | Orc:1    | Found a bloodstained altar of Trog.
 26145 | Orc:2    | Entered Level 2 of the Orcish Mines
 26145 | Orc:2    | Found a staircase to the Elven Halls.
 26225 | Orc:2    | Found Vurrayfe's Jewellery Emporium.
 26505 | Orc:2    | Found Murgheff's Distillery.
 26543 | Orc:2    | Found Ytyecetir's Antique Armour Shoppe.
 26544 | Orc:2    | Found Vuawausa's Assorted Antiques.
 26549 | Orc:2    | Received a gift from Nemelex Xobeh
 26973 | Orc:2    | Bought a pair of embroidered gloves for 195 gold pieces
 27181 | Spider:1 | Entered Level 1 of the Spider Nest
 27353 | Spider:1 | Received a gift from Nemelex Xobeh
 27514 | Spider:1 | Found a transporter.
 27525 | Spider:1 | Found a transporter.
 27527 | Spider:1 | Noticed Cusykhlelepp's ghost (journeyman FeSu)
 27661 | Spider:1 | Received a gift from Nemelex Xobeh
 27671 | Spider:1 | Reached XP level 17. HP: 91/149 MP: 30/30
 28552 | Spider:1 | Identified the +0 long sword "Touqyula" {drain, rCorr MP+9}
 29078 | Spider:1 | Reached skill level 10 in Evocations
 29317 | Spider:2 | Noticed Arachne
 29329 | Spider:2 | Killed Arachne
 29335 | Spider:2 | Received a gift from Nemelex Xobeh
 29374 | Spider:2 | Identified the +8 war axe "Yskaorac" {pain, Will- MP+9
                  | Str+4 Dex-2}
 30976 | Spider:3 | Received a gift from Nemelex Xobeh
 32416 | Spider:3 | HP: 7/151 [poisoned by an emperor scorpion]
 33010 | Spider:4 | Entered Level 4 of the Spider Nest
 33283 | Spider:4 | Reached XP level 18. HP: 158/159 MP: 33/33
 33692 | Spider:4 | Received a gift from Nemelex Xobeh
 34125 | Spider:4 | Reached skill level 15 in Fighting
 34312 | Spider:4 | Got a gossamer rune of Zot
 34796 | Spider:1 | Killed Cusykhlelepp's ghost
 34818 | Spider:1 | Identified the +10 hand axe of Xaocu {speed, Will+ Int+3
                  | Dex+2}
 34931 | Swamp:1  | Entered Level 1 of the Swamp
 37344 | Swamp:2  | Received a gift from Nemelex Xobeh
 37893 | Swamp:3  | Received a gift from Nemelex Xobeh
 38088 | Swamp:4  | Entered Level 4 of the Swamp
 38208 | Swamp:4  | Reached skill level 5 in Dodging
 39005 | Swamp:4  | Reached XP level 19. HP: 175/177 MP: 34/34
 39301 | Swamp:4  | Reached skill level 15 in Armour
 39696 | Swamp:4  | Received a gift from Nemelex Xobeh
 39697 | Swamp:4  | Identified the +6 falchion of the Vaults {antimagic, rN+++
                  | Int+3 Dex-3 Stlth-}
 40165 | Vaults:1 | Entered Level 1 of the Vaults
 40678 | Vaults:1 | Noticed Saint Roka
 40687 | Vaults:1 | Killed Saint Roka
 41476 | Vaults:1 | Found Tepp's Antique Weapon Shop.
 42283 | Vaults:2 | Received a gift from Nemelex Xobeh
 42721 | Vaults:2 | Reached XP level 20. HP: 184/184 MP: 35/35
 42779 | Vaults:2 | Noticed Margery
 42782 | Vaults:2 | Killed Margery
 43460 | Vaults:2 | Received a gift from Nemelex Xobeh
 43504 | Vaults:2 | Noticed Aizul
 43520 | Vaults:2 | Killed Aizul
 43846 | Vaults:2 | Found a staircase to the Crypt.
 43886 | Vaults:2 | Noticed Sojobo
 43891 | Vaults:2 | Paralysed by an air elemental for 1 turns
 43893 | Vaults:2 | Killed Sojobo
 44310 | Vaults:2 | Received a gift from Nemelex Xobeh
 44793 | Vaults:3 | Reached skill level 15 in Shields
 44841 | Vaults:3 | Found Wynicw's Book Shop.
 44882 | Vaults:3 | Found Ganast's Armour Shop.
 44893 | Vaults:3 | Found a flickering gateway to a bazaar.
 44902 | Bazaar   | Entered a bazaar
 44906 | Bazaar   | Found Giushreng's Jewellery Boutique.
 44987 | Bazaar   | Found Qacs's Antique Armour Emporium.
 45008 | Bazaar   | Found Bupareat's Antique Weapon Boutique.
 45028 | Bazaar   | Found Lais's Weapon Shoppe.
 45070 | Bazaar   | Bought the +10 tower shield of Ignorance {rN+ Int-4} for
                  | 1719 gold pieces
 45070 | Bazaar   | Found the +10 tower shield of Ignorance {rN+ Int-4}
 45159 | Vaults:3 | Found Jealuo's Armour Shoppe.
 45168 | Vaults:3 | Bought the +0 pair of fencer's gloves {Riposte Dex+3} for
                  | 720 gold pieces
 45168 | Vaults:3 | Found the +0 pair of fencer's gloves {Riposte Dex+3}
 45228 | Vaults:3 | Identified the +1 chain mail "Cavoevis" {Will++ rCorr}
 45268 | Vaults:3 | Received a gift from Nemelex Xobeh
 46300 | Vaults:3 | Upgraded the game from 0.31-a0-865-g3d5d91748a to
                  | 0.31-a0-868-g674d60d6f7
 46327 | Vaults:4 | Noticed Xtahua
 46342 | Vaults:4 | Killed Xtahua
 46351 | Vaults:4 | Reached XP level 21. HP: 144/198 MP: 36/36
 46809 | Vaults:4 | Received a gift from Nemelex Xobeh
 47728 | Elf:1    | Entered Level 1 of the Elven Halls
 47911 | Abyss:2  | Cast into level 2 of the Abyss (deep elf pyromancer)
 47969 | Abyss:2  | Found a corrupted altar of Lugonu.
 48532 | Abyss:2  | Received a gift from Nemelex Xobeh
 48559 | Abyss:2  | Noticed a bone dragon
 48611 | Elf:1    | Escaped the Abyss
 48695 | Elf:1    | Identified a scroll of acquirement
 48750 | Elf:1    | Paralysed by an air elemental for 1 turns
 49058 | Elf:1    | Paralysed by an air elemental for 1 turns
 49061 | Elf:1    | Paralysed by an air elemental for 1 turns
 49518 | Elf:1    | Received a gift from Nemelex Xobeh
 49560 | Elf:1    | You fall into a shaft and drop 1 floor!
 49864 | Elf:2    | Gained mutation: You are weak. (Str -2) [a shining eye]
 49900 | Elf:2    | Got a conspicuous book
 50254 | Elf:1    | Reached XP level 22. HP: 157/205 MP: 37/37
 50627 | Elf:1    | Got a lithographed book
 51187 | Elf:2    | Received a gift from Nemelex Xobeh
 51200 | Elf:2    | Found a runed translucent gate.
 51200 | Elf:2    | Found a runed translucent gate.
 51212 | Elf:2    | Found a runed translucent gate.
 51797 | Elf:2    | Reached skill level 15 in Evocations
 51980 | Elf:3    | Entered Level 3 of the Elven Halls
 51980 | Elf:3    | Received a gift from Nemelex Xobeh
 52010 | Elf:3    | Paralysed by an air elemental for 1 turns
 52367 | Elf:3    | Found Nodilaxe's Distillery.
 52391 | Elf:3    | Paralysed by an air elemental for 1 turns
 52558 | Elf:3    | Identified the amulet "Zaudon" {Spirit Will- Dex+9}
 52558 | Elf:3    | Identified the +4 great mace of Death {drain, rF- rC+++
                  | Str-3 SInv}
 52658 | Elf:3    | Found the +3 pair of mountain boots {steadfast, rC+}
 52697 | Elf:3    | Identified the +0 ring mail of Vlad {rF+ rC+ Regen+ Int+4}
 52710 | Elf:3    | Identified the staff "Rudoota" {rF+ rC+ Dex+4 Fire}
 52716 | Elf:3    | Got an illuminated book
 52750 | Elf:3    | Identified the +8 mace of Distraction {elec, rF+}
 53168 | Elf:3    | Acquired the ring of the Original Sin {+Blink rElec rC+
                  | Int+3}
 53385 | D:14     | Killed Roxanne
 54111 | Swamp:4  | Found a basalt altar of Yredelemnul.
 54125 | Swamp:4  | Got a decaying rune of Zot
 54189 | Swamp:4  | Found a blossoming altar of Fedhas.
 54493 | Crypt:1  | Entered Level 1 of the Crypt
 54515 | Crypt:1  | Reached XP level 23. HP: 215/215 MP: 39/39
 54769 | Crypt:1  | Found a basalt altar of Yredelemnul.
 54769 | Crypt:1  | Received a gift from Nemelex Xobeh
 54787 | Crypt:1  | Noticed Donald
 54795 | Crypt:1  | Killed Donald
 54907 | Crypt:1  | Noticed Boris
 54931 | Crypt:1  | Killed Boris
 55386 | Crypt:1  | Received a gift from Nemelex Xobeh
 55678 | Crypt:2  | Found a magical portal.
 55732 | WizLab   | Entered Lehudib's Moon Base
 56144 | WizLab   | Received a gift from Nemelex Xobeh
 56580 | WizLab   | Found a transporter.
 56920 | WizLab   | Found a transporter.
 56939 | WizLab   | Received a gift from Nemelex Xobeh
 57121 | WizLab   | Identified the ring "Earthly Heaven" {Will+ Dex+3}
 57401 | Crypt:2  | Reached skill level 10 in Dodging
 57598 | Crypt:2  | Identified the +3 battleaxe of Duehurr {venom, rF+}
 57856 | Crypt:2  | Found a runed translucent gate.
 57856 | Crypt:2  | Found a runed translucent gate.
 57856 | Crypt:2  | Found a runed translucent gate.
 57858 | Crypt:2  | Noticed Dome's ghost (veteran DsSu)
 57877 | Crypt:2  | Killed Dome's ghost
 58006 | Crypt:3  | Entered Level 3 of the Crypt
 58011 | Crypt:3  | Reached XP level 24. HP: 224/224 MP: 39/39
 58264 | Crypt:3  | Identified the +0 robe "Fyefef" {Regen+ Archmagi}
 58447 | Crypt:3  | Received a gift from Nemelex Xobeh
 58766 | Crypt:3  | Found a staircase to the Tomb.
 58886 | Crypt:3  | Noticed an ancient lich
 58902 | Crypt:3  | Killed an ancient lich
 58988 | Crypt:3  | Found the +5 scythe "Finisher" {speed, execute}
 58993 | Crypt:3  | Got a black book
 59019 | Crypt:3  | Identified the +9 plate armour "Laeshel" {*Slow Regen+
                  | Dex+2}
 59327 | Crypt:3  | Received a gift from Nemelex Xobeh
 60676 | D:3      | Killed Natasha
 60679 | D:3      | Bought a scroll of enchant armour for 202 gold pieces
 60904 | Orc:2    | Bought a scroll of blinking for 217 gold pieces
 60904 | Orc:2    | Bought 2 potions of mutation for 464 gold pieces
 61096 | Depths:1 | Entered Level 1 of the Depths
 61294 | Depths:1 | Found an opulent altar of Gozag.
 61309 | Depths:1 | Noticed Boris
 61310 | Depths:1 | Reached XP level 25. HP: 240/240 MP: 39/39
 61331 | Depths:1 | Killed Boris
 61433 | Depths:1 | Found a gateway to Hell.
 61455 | Depths:1 | Found a transporter.
 61456 | Depths:1 | Found a one-way gateway to a ziggurat.
 61460 | Depths:1 | Noticed Doaps's ghost (veteran GnWn)
 61472 | Depths:1 | Received a gift from Nemelex Xobeh
 61489 | Depths:1 | Found a transporter.
 61520 | Depths:1 | Found a one-way gate leading to the halls of Pandemonium.
 61663 | Depths:2 | Found a blossoming altar of Fedhas.
 61673 | Depths:2 | Received a gift from Nemelex Xobeh
 61994 | Depths:2 | Identified the ring "Suyzath" {Ice rPois Str+2 Int+3}
 61994 | Depths:2 | Noticed Josephina
 62034 | Depths:2 | Killed Josephina
 62493 | Depths:2 | Noticed Grunn
 62535 | Depths:3 | Noticed Mara
 62562 | Depths:3 | Noticed Forgeling's illusion
 62567 | Depths:3 | Noticed Forgeling's illusion
 62568 | Depths:3 | Killed Mara
 62684 | Depths:3 | Noticed Norris
 62693 | Depths:3 | Killed Norris
 62886 | Depths:2 | Paralysed by a wendigo for 1 turns
 63002 | Depths:2 | Found Xoted's Antique Weapon Boutique.
 63073 | Depths:2 | Paralysed by a floating eye for 4 turns
 63412 | Depths:2 | Identified the ring "Tutozipti" {rC++ AC+4}
 63486 | Depths:2 | Identified the ring "Orchadwarph" {Will+ Dex+3}
 63664 | Depths:3 | Received a gift from Nemelex Xobeh
 63798 | Depths:3 | Killed Grunn
 64342 | Depths:3 | Reached XP level 26. HP: 239/256 MP: 39/39
 64419 | Depths:3 | Paralysed by a floating eye for 4 turns
 64420 | Depths:3 | Noticed a juggernaut
 64453 | Depths:3 | Killed a juggernaut
 64659 | Depths:4 | Entered Level 4 of the Depths
 65376 | Depths:4 | Received a gift from Nemelex Xobeh
 65755 | Depths:4 | Received a gift from Nemelex Xobeh
 65853 | Depths:4 | Found a gate to the Realm of Zot.
 66383 | Slime:1  | Entered Level 1 of the Pits of Slime
 66511 | Slime:4  | Identified the -1 trident of Upheaval {drain, Dex+4 Stlth+}
 66511 | Slime:4  | Gained mutation: You are very weak. (Str -4) [a shining
                  | eye]
 66545 | Slime:5  | Entered Level 5 of the Pits of Slime
 66740 | Slime:5  | Received a gift from Nemelex Xobeh
 66869 | Slime:5  | Noticed the Royal Jelly
 66901 | Slime:5  | a rockslime changed into a juggernaut
 66901 | Slime:5  | Noticed a juggernaut
 66901 | Slime:5  | the Royal Jelly changed into a titan shaped Royal Jelly
 66901 | Slime:5  | Noticed a titan shaped Royal Jelly
 66901 | Slime:5  | Killed a titan shaped Royal Jelly
 67141 | Slime:5  | Found the +10 dark maul {heavy}
 67146 | Slime:5  | Identified the ring "Abuento" {rC+ rN+ Int+4}
 67162 | Slime:5  | Got an upside-down book
 67166 | Slime:5  | Got a foxed book
 67223 | Slime:5  | Got a slimy rune of Zot
 67226 | Slime:5  | Identified the +10 spear of Outrage {speed, *Noise Dex+4
                  | Stlth+}
 67244 | Slime:5  | Got a grimy book
 67257 | Slime:5  | Identified the +0 ring mail "Ughyel Nimu" {rC- Regen+ rCorr
                  | Int+6}
 67296 | Slime:5  | Killed a juggernaut
 67704 | Vaults:5 | Entered Level 5 of the Vaults
 67738 | Vaults:5 | Reached XP level 27. HP: 200/266 MP: 31/39
 67742 | Vaults:5 | Noticed Boris
 67913 | Abyss:3  | Cast into level 3 of the Abyss (a deep elf sorcerer)
 67915 | Abyss:3  | Received a gift from Nemelex Xobeh
 67919 | Abyss:3  | Found a corrupted altar of Lugonu.
 67960 | Abyss:3  | Paralysed by accursed screaming for 1 turns
 67976 | Abyss:3  | Found a corrupted altar of Lugonu.
 67985 | Abyss:3  | Got an abyssal rune of Zot
 68087 | Vaults:5 | Escaped the Abyss
 68091 | Vaults:5 | Noticed a dread lich
 68136 | Vaults:5 | Killed Boris
 68162 | Vaults:5 | Found the +8 demon blade "Leech" {evervamp, Harm Drain rN+}
 68187 | Vaults:5 | Identified the quicksilver dragon scales of the Gardener
                  | {rPois Will+ Dex+2 SInv}
 68237 | Vaults:5 | Killed a dread lich
 68388 | Vaults:5 | Found Vaust's Magic Scroll Shop.
 68393 | Vaults:5 | Bought a scroll of blinking for 135 gold pieces
 68420 | Vaults:5 | Received a gift from Nemelex Xobeh
 68495 | Vaults:5 | Found Wuthi's Jewellery Shoppe.
 68498 | Vaults:5 | Found Xazusal's Magic Scroll Shop.
 68542 | Vaults:5 | Bought a scroll of enchant armour for 135 gold pieces
 68542 | Vaults:5 | Bought a scroll of blinking for 135 gold pieces
 68571 | Vaults:5 | Found Deosheso's General Store.
 68571 | Vaults:5 | Found Epyutase's Distillery.
 68575 | Vaults:5 | Bought a potion of heal wounds for 90 gold pieces
 68579 | Vaults:5 | Bought a potion of mutation for 144 gold pieces
 68583 | Vaults:5 | Got a silver rune of Zot
 68802 | Vaults:5 | Received a gift from Nemelex Xobeh
 68967 | Vaults:5 | Found Betoruwi's Magic Scroll Emporium.
 68971 | Vaults:5 | Bought a scroll of blinking for 97 gold pieces
 68971 | Vaults:5 | Bought a scroll of enchant armour for 97 gold pieces
 69255 | Depths:1 | Killed Doaps's ghost
 69388 | Zot:1    | Entered Level 1 of the Realm of Zot
 69997 | Zot:1    | Reached skill level 27 in Fighting
 70159 | Zot:1    | Received a gift from Nemelex Xobeh
 70988 | Zot:3    | Received a gift from Nemelex Xobeh
 71263 | Zot:3    | Received a gift from Nemelex Xobeh
 71933 | Zot:4    | Noticed an ancient lich
 71940 | Zot:3    | Killed an ancient lich
 72188 | Zot:4    | Reached skill level 27 in Invocations
 72202 | Zot:4    | Noticed an orb of fire
 72225 | Zot:4    | Killed an orb of fire
 72538 | Zot:4    | Received a gift from Nemelex Xobeh
 73205 | Zot:5    | Entered Level 5 of the Realm of Zot
 73399 | Zot:5    | Received a gift from Nemelex Xobeh
 73851 | Zot:5    | Noticed an orb of fire
 73857 | Zot:5    | Noticed a dread lich
 73859 | Zot:5    | Noticed an orb of fire
 73867 | Zot:5    | Noticed an orb of fire
 73870 | Zot:5    | Noticed an orb of fire
 73873 | Zot:5    | Gained mutation: You sometimes lose your temper in combat.
                  | [an orb of fire]
 73875 | Zot:5    | Killed an orb of fire
 73878 | Zot:5    | Reached skill level 27 in Axes
 73884 | Zot:5    | Noticed an orb of fire
 73884 | Zot:5    | Noticed a dread lich
 73897 | Zot:5    | Killed an orb of fire
 74193 | Zot:5    | Gained mutation: You occasionally lose the ability to drink
                  | potions when taking damage. [an orb of fire]
 74203 | Zot:5    | Killed an orb of fire
 74210 | Zot:5    | Killed a dread lich
 74243 | Zot:5    | Killed an orb of fire
 74342 | Zot:4    | Lost mutation: You sometimes lose your temper in combat.
                  | [potion of mutation]
 74342 | Zot:4    | Lost mutation: You occasionally lose the ability to drink
                  | potions when taking damage. [potion of mutation]
 74342 | Zot:4    | Lost mutation: You are very weak. (Str -4) [potion of
                  | mutation]
 74342 | Zot:4    | Gained mutation: You are agile. (Dex +4, Str/Int -1)
                  | [potion of mutation]
 74342 | Zot:4    | Gained mutation: You occasionally shout uncontrollably at
                  | your foes. [potion of mutation]
 74342 | Zot:4    | Gained mutation: You have sharp toenails. [potion of
                  | mutation]
 74520 | Zot:5    | Noticed a dread lich
 74529 | Zot:5    | Killed a dread lich
 74679 | Zot:5    | Gained mutation: Your body sometimes deteriorates upon
                  | taking damage. [an orb of fire]
 74681 | Zot:5    | Identified the -1 trident "Unumyihu" {flame, rElec SInv}
 74681 | Zot:5    | Gained mutation: You frequently scream uncontrollably at
                  | your foes. [an orb of fire]
 74685 | Zot:5    | Killed an orb of fire
 74710 | Zot:5    | Killed a dread lich
 74747 | Zot:5    | Got the Orb of Zot
 75384 | D:3      | Noticed Natasha
 75388 | D:3      | Killed Natasha
 75429 | D:1      | Noticed Boris
 75462 | D:$      | Escaped with the Orb!

Illustrated notes

Levels and vault maps discovered:
D:1:      minmay_arrival_split_and_join, layout_basic, serial_glass,
          glass_columns_b, glass_columns_c, glass_columns_c, glass_columns_a,
          glass_columns_c, glass_columns_a, glass_columns_a, glass_columns_b,
          glass_columns_c, glass_columns_a
D:2:      layout_loops_ring, shapermc_ecumenical_altar_starsandcircs,
          st_stairs_13, minmay_fractal_squares_5, uniq_crazy_yiuf_cottage
D:3:      layout_basic, nzn_wu_jian_contemplation, serial_shops,
          nicolae_square_shop, shop, shop, nicolae_shop_trees,
          kennysheep_generic_room_6, uniq_natasha
D:4:      layout_loops_corners, serial_shops, kennysheep_mini, serial_demonic,
          serial_demonic_a, serial_demonic_f, serial_demonic_a,
          serial_demonic_c, serial_demonic_a, uniq_ijyb
D:5:      layout_gridville, zin_angel, minmay_temple_entry_mist,
          grunt_decor_clamped
D:6:      layout_cave_pools, nicolae_overflow_guarded_unrand_okawaru_victory
D:7:      layout_rooms, gammafunk_temple_overflow_elements,
          nicolae_tso_carved_into_rock, minmay_nine_imps, uniq_menkaure
D:8:      layout_loops_cross, makhleb_grotto_becter, minmay_manual_mess
D:9:      layout_loops_ring, serial_shops, nicolae_shop_crystal,
          nicolae_shop_trees, shop
D:10:     layout_basic, hellmonk_lair_entry_icy, ebering_dispersal_statue_hall
D:11:     nzn_winding_woodlands_medium [nzn_winding_woodlands_5x5_open_star,
          nzn_winding_woodlands_5x15_pool, nzn_winding_woodlands_5x5_default,
          nzn_winding_woodlands_5x5_closed_star,
          nzn_winding_woodlands_center_lodge, nzn_winding_woodlands_5x5_cross,
          nzn_winding_woodlands_5x5_perimeter,
          nzn_winding_woodlands_5x15_sawtooth, nzn_winding_woodlands_hourglass],
          layout_irregular_city, gauntlet_entry_generic
D:12:     layout_cave_pods, orc_0_dummy, nicolae_elyvilon_peaceful_grove
D:13:     layout_gridville, erik_vaults_1
D:14:     layout_basic, minmay_misc_feat_room, doesnt_xom_only_xom, uniq_agnes,
          uniq_roxanne
D:15:     grunt_enter_depths_hoard, layout_small_grid, minmay_misc_feat_chi,
          kennysheep_doodads
Temple:   hellmonk_temple_two_chambers
Lair:1:   layout_concentric_octagons, uniq_urug
Lair:2:   layout_gridlike, alex1729_swamp_entry_worm_eleionoma, st_stairs_10
Lair:3:   layout_layer_cave, nicolae_spider_entry_orb_guardian
Lair:4:   layout_misc_corridors, nicolae_lair_grazing_beasts
          [nicolae_sub_lair_graze_edge, nicolae_sub_lair_graze_edge,
          nicolae_sub_lair_graze_edge, nicolae_sub_lair_graze_edge],
          grunt_megastairs_3
Lair:5:   hellmonk_lair_end_abyssal_woods, layout_cave_pods,
          nicolae_slime_entry_slimehenge, gammafunk_ghost_split,
          lemuel_oklob_altar, infiniplex_staircase_pool_2
Swamp:1:  layout_basic_swamp, nicolae_swamp_orc_logging_accident, swamp_pool3
Swamp:2:  layout_falls_marsh, nicolae_swamp_round_clearing,
          hangedman_swamp_diagram
Swamp:3:  layout_basic_swamp, evilmike_swamp_ruin_rubble_1
Swamp:4:  byrel_swamp_growth_death_and_undeath, layout_basic_swamp, swamp_pool5,
          nicolae_swamp_reclaimed_castle, infiniplex_staircase_pool
Spider:1: layout_cave_pods, gammafunk_ghost_arena, nicolae_spider_bzzzt
Spider:2: layout_chambers, portal_ice_cave_entry_frozen_things, uniq_arachne
Spider:3: layout_spider_delve, nicolae_spider_some_kinda_spiderbox
Spider:4: spider_rune_water
Slime:1:  layout_caves
Slime:2:  layout_caves, basic_altar
Slime:3:  layout_caves, cheibrodos_slime_lost_civilization_6
Slime:4:  layout_caves, basic_altar
Slime:5:  slime_pit
Orc:1:    layout_caves, basic_altar, serial_shops, mines1_david
Orc:2:    st_orc_open, layout_caves, small_statue_alley_c
Elf:1:    eino_elf_arrival_sip, layout_geoelf_diagonals,
          hangedman_elf_represent, chequers_big_river, minmay_elf_sorcery
Elf:2:    nicolae_elf_blades_splatter_lattice [nicolae_blade_lattice],
          layout_loops_corners, nicolae_elf_shapeshifter_party
Elf:3:    minmay_elf_hall_not_hex, layout_gridlike, serial_shops,
          nicolae_shop_window_shopping, hangedman_glass_teeth
Vaults:1: nicolae_vaults_network_square, nicolae_vaults_offset_grid_hallway_2,
          ontoclasm_vaults_twist, ontoclasm_vaults_fault,
          nicolae_vaults_cornered_office, nicolae_vaults_triangles, v_misc_26,
          vaults_room_door_ring, vaults_room_pool, grunt_vaults_hallway_short,
          nicolae_vaults_security_offices_2, nicolae_vaults_tetromino_L_2,
          vaults_room_hallway, nicolae_vaults_surprise_closet,
          layout_vaults_chaotic_city, serial_shops, nicolae_shop_waterfront,
          uniq_saint_roka
Vaults:2: nicolae_vaults_heist, nicolae_vaults_tangram_1,
          dpeg_vaults_monster_box, nicolae_vaults_closet_pinwheel_2,
          minmay_crypt_entry_simple_round, nicolae_vaults_shipping_containers_2,
          nicolae_vaults_door_testing_chamber,
          nicolae_vaults_windows_and_doors_thing, nicolae_vaults_six-pack,
          layout_vaults_ring, uniq_sojobo, uniq_aizul, uniq_margery
Vaults:3: nicolae_vaults_oval_intersection, hangedman_vaults_variations,
          hangedman_vaults_stagger, grunt_vaults_swirl, v_misc_13,
          nicolae_vaults_tetromino_L_1, ontoclasm_vaults_chip,
          ontoclasm_vaults_loading_screen, layout_vaults_omnigrid, serial_shops,
          freezing_bzr, shop, shop_statue, shop
Vaults:4: nicolae_vaults_shrinking_rooms_1, ontoclasm_vaults_shuriken,
          st_squares, v_misc_12, nicolae_vaults_trapezoid_lopsided_4, v_misc_2,
          v_alt_pattern_3, nicolae_vaults_alarming, vaults_dpeg_encased_lava,
          v_alt_pattern_3, layout_vaults_maze, uniq_xtahua
Vaults:5: serial_shops
Crypt:1:  layout_gridlike, hex_intersection, lemuel_statue_altar, uniq_boris,
          uniq_donald
Crypt:2:  nicolae_crypt_knochenhaus, layout_misc_corridors,
          ebering_ghost_rock_garden, lightli_enter_wizlab_magi_temple,
          lemuel_elevator
Crypt:3:  due_elkab, layout_chaotic_city, nicolae_fountain_basement
Depths:1: layout_big_octagon, enter_ziggurat_e, gammafunk_ghost_arena,
          hell_entry, serial_sigils_hangedman_leer, rand_demon_pan_entry_5,
          serial_sigils_hangedman_gut, nicolae_gozag_seed_capital
Depths:2: evilmike_lava_path, layout_basic, minmay_holes, pan_entry,
          pf_hell_entry_tar_spiral, serial_shops, nicolae_shop_real_fake_doors,
          fedhas_altar_3, serial_bayou_shore_b, uniq_josephina, uniq_grunn
Depths:3: minmay_the_grid_3x2 [minmay_the_grid_rooms, minmay_the_grid_square_x,
          minmay_the_grid_expand, minmay_the_grid_embedded,
          minmay_the_grid_broken_lines, minmay_the_grid_prize_four_corners],
          layout_cave_pools, kennysheep_cross_bottleneck,
          grunt_hell_entry_dis_grunt, abyss_entry,
          nicolae_elevator_lobby_asterisk, minmay_staircase_statues, uniq_mara,
          uniq_norris
Depths:4: grunt_twist_and_shout, layout_long_grid, rand_demon_pan_entry_1,
          roderic_st_hans_cross, pf_vacation_house_of_asmodeus
Zot:1:    layout_gridlike
Zot:2:    layout_misc_corridors, grunt_megastairs_5
Zot:3:    layout_cathedral_of_symmetry, grunt_ministairs_3
Zot:4:    hangedman_snap_crack_crunch, layout_concentric_octagons
Zot:5:    layout_concentric_octagons

Skill      XL: |  1  2  3  4  5  6  7  8  9 10 11 12 13 14 15 16 17 18 19 20 21 22 23 24 25 26 27 |
---------------+----------------------------------------------------------------------------------+-----
Axes           | 3 4 5 6 8 9 11 13 14 15 18 19 20 21 22 24 25 27 | 27.0
Fighting       | 4 5 6 8 10 11 13 14 17 19 20 22 24 25 27 | 27.0
Evocations     | 2 4 5 9 10 13 15 16 18 | 18.9
Armour         | 4 5 7 8 12 13 14 15 18 20 22 25 | 25.7
Invocations    | 2 5 7 9 11 13 16 19 22 23 24 25 27 | 27.0
Shields        | 6 8 11 13 18 19 21 23 | 23.8
Throwing       | 2 5 6 |  6.0
Dodging        | 4 5 7 8 10 11 | 11.3

Action                     |  1- 3 |  4- 6 |  7- 9 | 10-12 | 13-15 | 16-18 | 19-21 | 22-24 | 25-27 || total
---------------------------+-------+-------+-------+-------+-------+-------+-------+-------+-------++-------
  Melee: War axe           |    86 |   221 |   340 |   229 |       |       |       |    10 |       ||   886
         Broad axe         |       |       |       |   254 |   638 |   930 |  1036 |  1175 |  2352 ||  6385
         Scimitar          |       |       |       |       |    32 |    35 |    35 |       |       ||   102
  Throw: Dart              |       |     7 |     3 |    45 |    12 |    53 |     7 |       |       ||   127
         Boomerang         |       |       |     6 |    12 |     1 |    21 |     3 |       |       ||    43
         Javelin           |       |       |       |       |       |       |       |       |    11 ||    11
 Invoke: Draw Summoning    |       |       |     1 |     1 |       |     7 |     8 |     4 |    20 ||    41
         Draw Destruction  |       |       |       |    12 |     2 |    19 |    13 |     7 |     2 ||    55
         Draw Escape       |       |       |       |     3 |       |       |       |       |       ||     3
         Deal Four         |       |       |       |       |       |     8 |     4 |     2 |    11 ||    25
         Triple Draw       |       |       |       |       |       |       |     2 |       |       ||     2
         Stack Five        |       |       |       |       |       |       |       |       |     1 ||     1
  Evoke: Wand              |       |       |    14 |     5 |     3 |    28 |     8 |       |     3 ||    61
         Phantom mirror    |       |       |       |       |       |       |       |       |     1 ||     1
         Condenser vane    |       |       |       |       |       |       |       |       |     1 ||     1
    Use: Scroll            |     3 |     4 |     1 |     9 |     6 |    14 |    11 |     6 |    21 ||    75
         Potion            |     3 |       |     1 |     5 |       |     2 |       |       |    15 ||    26
   Stab: Petrified         |       |       |       |       |     2 |     8 |     4 |       |    18 ||    32
         Distracted        |       |       |       |       |       |     3 |     1 |       |     3 ||     7
         Petrifying        |       |       |       |       |       |       |       |     3 |       ||     3
         Invisible         |       |       |       |       |       |       |       |       |     2 ||     2
         Confused          |       |       |       |       |       |       |       |       |     1 ||     1
 Armour: Scale mail        |    65 |   168 |   147 |       |       |       |       |       |       ||   380
         Acid dragon scale |       |       |   119 |   341 |       |       |       |       |       ||   460
         Crystal plate arm |       |       |       |    48 |   760 |  1352 |   764 |   484 |  1300 ||  4708
  Dodge: Dodged            |    32 |   119 |   175 |   272 |   272 |   542 |   269 |   155 |   336 ||  2172
  Block: Buckler           |    23 |    40 |    79 |   109 |   165 |   340 |    94 |       |       ||   850
         Tower shield      |       |       |       |       |       |       |   817 |  1348 |  2781 ||  4946
         Reflection        |       |       |       |       |       |       |   105 |    59 |    74 ||   238
Riposte: Broad axe         |       |       |       |       |       |       |   171 |   412 |   864 ||  1447
         War axe           |       |       |       |       |       |       |       |     8 |       ||     8

Table legend: (Time is in decaauts)
 A = Elapsed time spent in this place.
 B = Non-inter-level travel time spent in this place.
 C = Inter-level travel time spent in this place.
 D = Time resting spent in this place.
 E = Time spent auto-exploring this place.
 F = Levels seen in this place.
 G = Mean time per level.
                   A        B        C        D        E       F      G
               +--------+--------+--------+--------+--------+-----+--------+
         Total |  75376 |  67485 |   7891 |   8040 |  40544 |  61 | 1235.7 |
       Dungeon |  20880 |  17143 |   3737 |   2168 |  10720 |  15 | 1392.0 |
        Temple |     19 |      9 |     10 |      0 |      0 |   1 |   19.0 |
          Lair |   7692 |   6771 |    921 |    675 |   4649 |   5 | 1538.4 |
         Swamp |   5205 |   4919 |    286 |   1176 |   2356 |   4 | 1301.2 |
   Spider Nest |   7320 |   7010 |    310 |   1242 |   3297 |   4 | 1830.0 |
    Slime Pits |    936 |    850 |     86 |    136 |    108 |   5 |  187.2 |
  Orcish Mines |   1552 |   1194 |    358 |    133 |    780 |   2 |  776.0 |
   Elven Halls |   5000 |   4628 |    372 |    231 |   3243 |   3 | 1666.7 |
        Vaults |   8490 |   7876 |    614 |    826 |   4990 |   5 | 1698.0 |
         Crypt |   4373 |   4102 |    271 |      8 |   2888 |   3 | 1457.7 |
        Depths |   5096 |   4732 |    364 |    372 |   3062 |   4 | 1274.0 |
           Zot |   5347 |   4789 |    558 |    313 |   3087 |   5 | 1069.4 |
         Abyss |    869 |    869 |      0 |    301 |      0 |   2 |  434.5 |
        Bazaar |    255 |    255 |      0 |      0 |    137 |   1 |  255.0 |
        Wizlab |   1619 |   1619 |      0 |    135 |   1069 |   1 | 1619.0 |
      Gauntlet |    714 |    714 |      0 |    323 |    156 |   1 |  714.0 |
               +--------+--------+--------+--------+--------+-----+--------+

Top non-repeatable levels by time:
Vaults:1: 2566 daAuts
  Lair:5: 2458 daAuts
Spider:3: 2251 daAuts
     D:9: 2245 daAuts
Vaults:2: 2233 daAuts
Spider:1: 2025 daAuts
    D:11: 1987 daAuts
   Elf:1: 1986 daAuts
   Elf:2: 1839 daAuts
 Swamp:4: 1750 daAuts
Depths:3: 1746 daAuts
  Lair:3: 1702 daAuts
Spider:2: 1690 daAuts
    D:10: 1655 daAuts
 Crypt:3: 1627 daAuts
